 Dungeon Crawl Stone Soup version 0.17-a0-1738-g82cdc46 (webtiles) character file.

9625 kae the Martial Artist (level 11, -7/83 HPs)
             Began as a Demonspawn Monk on Aug 30, 2015.
             Was a High Priest of Qazlal.
             Mangled by a porcupine (11 damage)
             ... on level 11 of the Dungeon.
             The game lasted 00:17:29 (11120 turns).

kae the Martial Artist (Demonspawn Monk)           Turns: 11120, Time: 00:17:30

Health: -7/83      AC: 13    Str: 11    XL:     11   Next: 25%
Magic:  11/11      EV: 17    Int: 12    God:    Qazlal [*****.]
Gold:   568        SH:  6    Dex: 19    Spells: 0 memorised, 10 levels left

rFire  . . .     SeeInvis +       - Unarmed
rCold  . . .     Clarity  .     C - +2 robe {Archmagi}
rNeg   + . .     SustAt   .     (no shield)
rPois  .         Gourm    .     (no helmet)
rElec  .         Spirit   .     e - +1 cloak
rCorr  .         Warding  +     (no gloves)
rMut   .         Stasis   .     (boots unavailable)
MR     .....                    A - amulet of warding
Stlth  +.........               M - ring of see invisible
                                p - +4 ring of protection

@: lethally poisoned (-7 -> -8), protected from physical damage, repel missiles,
not resistant to hostile enchantments, very unstealthy
A: claws 1, hooves 3, powered by pain 2, spiny 1
a: Upheaval, Elemental Force, Disaster Area, Renounce Religion


You were on level 11 of the Dungeon.
You worshipped Qazlal.
Qazlal was extremely pleased with you.
You were very hungry.

You visited 1 branch of the dungeon, and saw 11 of its levels.
You also visited: Ossuary.

You collected 568 gold pieces.

Inventory:

Armour
 d - a cursed +0 pair of boots
 e - a +1 cloak (worn)
 C - a +2 robe of the Archmagi (worn)
Jewellery
 f - an uncursed ring of fire
 p - a +4 ring of protection (left claw)
 u - an uncursed ring of fire
 A - an amulet of warding (around neck)
 D - an uncursed ring of sustain attributes
 M - a ring of see invisible (right claw)
Magical devices
 v - a wand of enslavement (6)
 F - a wand of paralysis (7)
 H - a wand of teleportation (6)
 P - a wand of flame (23)
Scrolls
 a - a scroll of torment {unknown}
 h - 3 scrolls of enchant weapon
 k - a scroll of brand weapon {unknown}
 m - 3 scrolls of remove curse
 o - a scroll of fear
 r - a scroll of teleportation
 s - 4 scrolls of amnesia
 t - a scroll of vulnerability
 B - 7 scrolls of identify
 G - 3 scrolls of enchant armour
 I - 2 scrolls of noise {unknown}
 J - 2 scrolls of random uselessness {unknown}
 N - 2 scrolls of fog
 O - a scroll of recharging {unknown}
Potions
 c - 2 potions of ambrosia
 g - 4 potions of curing
 i - 4 potions of poison
 j - a potion of flight
 n - 2 potions of degeneration {unknown}
 q - 3 potions of heal wounds
 w - 2 potions of haste {unknown}
 x - a potion of might
 z - 2 potions of agility {unknown}
 L - a potion of berserk rage {unknown}
Books
 y - a book of the Warp

   Spells                             Type                      Level
   a - Recall                         Summoning/Translocation      3
   b - Gell's Gravitas                Hexes/Translocation          3
   c - Force Lance                    Conjuration/Translocation    4
   d - Phase Shift                    Translocation                5
   e - Warp Weapon                    Charms/Translocation         5
   f - Summon Forest                  Summoning/Translocation      5
Comestibles
 b - 10 bread rations
 l - 4 meat rations
 E - 4 beef jerkies
 K - 5 slices of pizza


   Skills:
 + Level 6.7 Fighting
 + Level 6.4 Dodging
 - Level 1.7 Stealth
 - Level 14.0 Unarmed Combat


You had 10 spell levels left.
You didn't know any spells.

Dungeon Overview and Level Annotations

Branches:
Dungeon (11/15)            Temple (0/1) D:7             Orc (0/4) D:9
   Lair: D:8-11

Altars:
Ashenzari
Cheibriados
Gozag
Kikubaaqudgha
Makhleb
Nemelex Xobeh
Okawaru
Qazlal
Sif Muna
Trog
Yredelemnul
Zin
The Shining One

Shops:
D:9 (


Innate Abilities, Weirdness & Mutations

You have sharp fingernails.
You have hooves in place of feet.
You sometimes gain power by taking damage.
You are partially covered in sharp spines.


Message History

Unknown command.
You feel sick.
You feel sick.
Read which item? (? for menu, Esc to quit)
Okay, then.
You feel sick.
You feel sick.
Found a scroll labeled POULOB FUUS.
You feel sick.
A porcupine comes into view.
You scratch the porcupine. Your claw misses the porcupine.
The porcupine is moderately wounded.
The porcupine bites you but does no damage.
You are struck by the porcupine's spines.
* * * LOW HITPOINT WARNING * * *
You miss the porcupine. Your kick misses the porcupine.
Your claw misses the porcupine.
The porcupine is moderately wounded.
The porcupine is struck by your spines. The porcupine bites you!
You die...

#.###.##..♣..♣..
...
#.##.#..♣.#.....
#.##.#§....#
###.##.#..........
#............#.P..
#.#.###.P♣PP.# ..P
# #.#.# ♣♣♣.♣....
. #.#.#.# . ♣...P
#..@r.# . ♣...
###.#.# ♣♣ ♣.♣.
..#.# ####?. #. ..
..


You could see a porcupine.

Vanquished Creatures
  A hydra (D:8)
  An unseen horror (D:10)
  A hill giant (D:10)
  The ghost of PeterLawrence the Basher, an experienced GrFi of Okawaru (D:8)
  Joseph (D:7)
  A two-headed ogre (D:10)
  Grinder (D:4)
  A trapdoor spider (D:10)
  A shadow (D:11)
  A hungry ghost (D:8)
  A steam dragon (D:10)
  A human (D:7)
  Menkaure (D:7)
  A vampire mosquito (D:8)
  A water moccasin (D:7)
  Duvessa (D:4)
  A sky beast (D:7)
  7 phantoms
  An ice beast (D:8)
  6 centaurs
  6 orc warriors
  A necrophage (D:8)
  8 ogres
  Blork the orc (D:7)
  2 giant frogs
  3 elf zombies (Ossuary)
  Dowan (D:4)
  5 scorpions
  2 troll zombies (D:9)
  A giant frog zombie (D:8)
  6 killer bees
  11 wights
  7 centaur zombies
  5 crimson imps
  2 centaur skeletons
  The ghost of ithil the Ducker, a weakling FeBe of Trog (D:3)
  2 hounds (D:7)
  3 human zombies (Ossuary)
  Crazy Yiuf (D:6)
  4 orc priests
  A jelly (D:5)
  A giant frog skeleton (D:7)
  An iron imp (D:9)
  3 orc wizards
  2 iguanas (D:7)
  4 sheep (D:7)
  A killer bee zombie (D:7)
  6 worker ants
  6 ogre zombies (D:9)
  2 hound zombies
  3 mummies (Ossuary)
  15 adders
  4 worker ant zombies
  A shadow imp (D:7)
  2 oozes (D:1)
  A worm (D:3)
  An adder skeleton (D:8)
  An adder zombie (D:8)
  9 giant geckos
  20 orcs
  9 bats
  7 giant cockroaches
  7 goblins
  6 hobgoblins
  11 jackals
  14 kobolds
  7 quokkas
  4 ball pythons
  2 giant gecko zombies
  5 giant newts
  A goblin skeleton (D:9)
  A goblin zombie (D:9)
  2 hobgoblin skeletons (D:9)
  3 hobgoblin zombies (D:9)
  A jackal zombie (D:7)
  18 orc zombies (D:9)
  A quokka skeleton (D:5)
  2 quokka zombies
  3 rats
  A plant (D:7)
292 creatures vanquished.

Notes
Turn   | Place    | Note
--------------------------------------------------------------
     0 | D:1      | kae the Demonspawn Monk began the quest for the Orb.
     0 | D:1      | Reached XP level 1. HP: 18/18 MP: 1/1
   198 | D:1      | Reached skill level 4 in Unarmed Combat
   200 | D:1      | Gained mutation: You have sharp fingernails. [demonic ancestry]
   200 | D:1      | Reached XP level 2. HP: 14/24 MP: 2/2
   924 | D:1      | Gained mutation: You are partially covered in sharp spines. [demonic ancestry]
   924 | D:1      | Reached XP level 3. HP: 18/29 MP: 3/3
  1589 | D:2      | Found a stormy altar of Qazlal.
  1621 | D:2      | Became a worshipper of Qazlal Stormbringer
  1621 | D:2      | Acquired Qazlal's first power
  1621 | D:2      | Acquired Qazlal's second power
  1750 | D:2      | Reached skill level 5 in Unarmed Combat
  1984 | D:2      | Found an opulent altar of Gozag.
  1988 | D:2      | Gained mutation: You sometimes gain a little power by taking damage. [demonic ancestry]
  1988 | D:2      | Reached XP level 4. HP: 35/35 MP: 4/4
  2223 | D:3      | Noticed ithil's ghost (weakling FeBe)
  2445 | D:3      | Killed ithil's ghost
  2537 | D:3      | Noticed a centaur
  2551 | D:3      | Killed a centaur
  2551 | D:3      | Reached skill level 6 in Unarmed Combat
  2551 | D:3      | Gained mutation: You have large cloven feet. [demonic ancestry]
  2551 | D:3      | Reached XP level 5. HP: 24/41 MP: 5/5
  2875 | D:3      | Noticed an ogre
  3439 | D:3      | Killed an ogre
  3439 | D:3      | Gained mutation: You have hoof-like feet. [demonic ancestry]
  3439 | D:3      | Reached XP level 6. HP: 38/47 MP: 6/6
  3491 | D:4      | Noticed Grinder
  3525 | D:4      | Reached skill level 7 in Unarmed Combat
  3681 | D:4      | Killed Grinder
  3681 | D:4      | Reached skill level 8 in Unarmed Combat
  3681 | D:4      | Reached XP level 7. HP: 52/52 MP: 7/7
  3742 | D:4      | Noticed Duvessa
  3745 | D:4      | Noticed Dowan
  3748 | D:4      | Killed Duvessa
  3750 | D:4      | Killed Dowan
  3825 | D:4      | Acquired Qazlal's third power
  3887 | D:4      | Found a glowing golden altar of the Shining One.
  4051 | D:5      | Entered Level 5 of the Dungeon
  4067 | D:5      | Found a sparkling altar of Nemelex Xobeh.
  4172 | D:5      | Reached skill level 9 in Unarmed Combat
  4648 | D:5      | Found a burning altar of Makhleb.
  4655 | D:5      | Found a glowing silver altar of Zin.
  4655 | D:5      | Noticed an angel
  4656 | D:5      | Noticed an Executioner
  4746 | D:5      | Gained mutation: You sometimes gain power by taking damage. [demonic ancestry]
  4746 | D:5      | Reached XP level 8. HP: 58/58 MP: 8/8
  4958 | D:6      | Found a deep blue altar of Sif Muna.
  4958 | D:6      | Found a shattered altar of Ashenzari.
  4959 | D:6      | Found an ancient bone altar of Kikubaaqudgha.
  5135 | D:6      | Found an iron altar of Okawaru.
  5342 | D:6      | Noticed Crazy Yiuf
  5347 | D:6      | Killed Crazy Yiuf
  5503 | D:6      | You fall through a shaft!
  5510 | D:7      | Reached skill level 10 in Unarmed Combat
  5556 | D:7      | Noticed Joseph
  5567 | D:7      | Killed Joseph
  5569 | D:7      | Found a sand-covered staircase.
  5608 | Ossuary  | Entered an ossuary
  5683 | Ossuary  | Reached skill level 11 in Unarmed Combat
  5698 | Ossuary  | Acquired Qazlal's fourth power
  5700 | Ossuary  | Gained mutation: You have hooves in place of feet. [demonic ancestry]
  5700 | Ossuary  | Reached XP level 9. HP: 20/63 MP: 9/9
  6090 | D:7      | Found a basalt altar of Yredelemnul.
  6099 | D:7      | Found a staircase to the Ecumenical Temple.
  6188 | D:7      | Reached skill level 12 in Unarmed Combat
  6589 | D:7      | Noticed Blork the orc
  6924 | D:7      | Noticed Menkaure
  6935 | D:7      | Killed Menkaure
  7253 | D:7      | Killed Blork the orc
  7253 | D:7      | Reached skill level 13 in Unarmed Combat
  7641 | D:8      | Reached XP level 10. HP: 70/70 MP: 10/10
  7832 | D:8      | Acquired Qazlal's fifth power
  7906 | D:8      | Noticed a six-headed hydra
  7910 | D:8      | Killed a six-headed hydra
  7941 | D:8      | Reached skill level 14 in Unarmed Combat
  8127 | D:8      | Noticed PeterLawrence's ghost (experienced GrFi)
  8146 | D:8      | Killed PeterLawrence's ghost
  8284 | D:8      | Found a glowing golden altar of the Shining One.
  8285 | D:8      | Found a bloodstained altar of Trog.
  9062 | D:9      | Reached skill level 5 in Fighting
  9249 | D:9      | Reached skill level 5 in Dodging
  9532 | D:9      | Found a staircase to the Orcish Mines.
  9605 | D:9      | Found a snail-covered altar of Cheibriados.
 10185 | D:9      | Found Kiapnen's Antique Weapon Emporium.
 10340 | D:10     | Entered Level 10 of the Dungeon
 10471 | D:10     | Noticed a hill giant
 10476 | D:10     | Killed a hill giant
 10476 | D:10     | Reached XP level 11. HP: 69/81 MP: 6/11
 11032 | D:10     | Noticed an unseen horror
 11044 | D:10     | Killed an unseen horror
 11082 | D:11     | Noticed a four-headed hydra
 11120 | D:11     | HP: 4/83 [porcupine's spines (9)]
 11120 | D:11     | Mangled by a porcupine

Vault maps used:
D:1:      minmay_arrival_shoal_huts, serial_bayou_pond_c
D:2:      lemuel_coloured_pillars_altar, st_stairs_9,
          nicolae_qazlal_general_emergency
D:3:      nrook_loot_triangle, minmay_surrounded
D:4:      first_bread, nicolae_tso_carved_into_rock, uniq_grinder, uniq_duvessa
D:5:      grunt_temple_overflow_order_and_chaos_2, kennysheep_mini,
          kennysheep_boxes
D:6:      okawaru_trees_1, minitemple, grunt_decor_clamped,
          uniq_crazy_yiuf_cottage
D:7:      yredelemnul_altar_generic, enter_ossuary_3, grunt_livestock,
          sword_in_stone, uniq_joseph, uniq_menkaure
D:8:      minmay_opposing_rooms, gammafunk_temple_overflow_statue,
          due_unseen_surprise
D:9:      slow_altar_1, zombieorc2_lemuel, serial_shops,
          nicolae_shop_behind_doors, st_stairs_4, minivault_16
D:11:     wad_woods_settlement, lair_0_dummy
Ossuary:  ossuary_minmay_four_chambers

Action                   |  1- 3 |  4- 6 |  7- 9 | 10-12 || total
-------------------------+-------+-------+-------+-------++-------
Melee: Unarmed           |   137 |    68 |   246 |   304 ||   755
Invok: Upheaval          |       |       |     1 |     4 ||     5
  Use: Potion            |     1 |     1 |     1 |     1 ||     4
       Scroll            |       |    12 |     4 |     2 ||    18
 Stab: Sleeping          |     3 |       |       |       ||     3
  Eat: Chunk             |     3 |     4 |    11 |     8 ||    26
       Beef jerky        |       |     1 |       |       ||     1
       Pizza             |       |       |     1 |     2 ||     3
